 Dungeon Sprint DCSS version 0.20.1-1-g8b1a95d (webtiles) character file.

159 Sphara the Fighter (level 5, -3/51 HPs)
             Began as a Barachi Gladiator on Dec 11, 2017.
             Slain by a human
             ... wielding a +0 dagger
              (9 damage)
             ... in the Dungeon (Sprint III: "The Ten Rune Challenge").
             The game lasted 00:01:21 (320 turns).

Sphara the Fighter (Barachi Gladiator)               Turns: 320, Time: 00:01:21

Health: -3/51      AC:  4    Str: 16    XL:     5   Next: 40%
Magic:  5/5        EV: 14    Int:  8    God:
Gold:   17         SH:  0    Dex: 14    Spells: 4/4 levels left

rFire    . . .     SeeInvis .   a - +0 war axe
rCold    . . .     Gourm    .   (no shield)
rNeg     . . .     Faith    .   b - +0 leather armour
rPois    .         Spirit   .   c - +0 helmet
rElec    .         Reflect  .   (no cloak)
rCorr    .         Harm     .   (no gloves)
MR       .....     NoTele   +   (no boots)
Stlth    +.........             (no amulet)
Regen    0.2/turn               (no ring)
MPRegen  0.1/turn               (no ring)

@: hasted, quick
A: +LOS, swims, slowness 1, strong legs 1
a: Hop


You were in the Dungeon.
You were not hungry.

You visited 1 branch You collected 17 gold pieces.

Inventory:

Hand Weapons
 a - a +0 war axe (weapon)
Missiles
 d - a throwing net (quivered)
Armour
 b - a +0 leather armour (worn)
 c - a +0 helmet (worn)
Scrolls
 k - a scroll of blinking
 l - a scroll of torment {unknown}
 m - 3 scrolls of identify
 n - 3 scrolls of remove curse
 p - a scroll of immolation {unknown}
Potions
 e - 2 potions of curing
 g - a potion of heal wounds
 i - 2 potions of magic
 o - 2 potions of flight
 r - 7 potions of mutation
Comestibles
 f - 2 bread rations
 q - 4 fruits


   Skills:
 + Level 8.7 Fighting
 + Level 8.6 Axes
 - Level 2.4 Throwing
 - Level 4.3 Dodging
 - Level 0.2 Stealth


You had 4 spell levels left.
You didn't know any spells.

Dungeon Overview and Level Annotations

Branches:
Dungeon (1/1)

Altars:
Okawaru
Trog
Uskayaw
Beogh


Innate Abilities, Weirdness & Mutations

Shadows flee at your approach. (+LOS)
You can swim through water.
You cover ground slowly.
You can hop short distances.


Message History

The human is lightly wounded.
The human misses you.
You hit the human but do no damage.
The human is lightly wounded.
You barely miss the human. The human barely misses you. The human hits you.
You closely miss the human.
The human is lightly wounded.
You hit the human. The human hits you with a dagger!
You hit the human.
The human is lightly wounded.
You closely miss the human. The human closely misses you. The human hits you!
The human hits you with a dagger!
* * * LOW HITPOINT WARNING * * *
Unknown command.
You hit the human.
The human is moderately wounded.
You slash the human! The human hits you!
* * * LOW HITPOINT WARNING * * *
The human hits you with a dagger!
You die...

▓▓ ▓▓▓ .#### ##.# #####
....#####..# #___#
.....#..#..# #pp.#
##...#..#..###+#@###+##
###..##'#..#..........#
)##..###...'.⌠........#
##.†####...#...######+#
##..###....#.⌠.#
#...##.....#...#
....#......#+###
..##.#.....#
..#####....#


You could see 2 humans.

Vanquished Creatures
  A water elemental (D)
  A scorpion (D)
  Jessica (D)
  A human (D)
  2 oozes (D)
  A rat (D)
7 creatures vanquished.

Vanquished Creatures (others)
  2 draconian scorchers (D)
  6 hellions (D)
  A yaktaur (D)
9 creatures vanquished.

Grand Total: 16 creatures vanquished

Notes
Turn   | Place    | Note
-------+----------+-------------------------------------------
     0 | D        | Sphara the Barachi Gladiator began the quest for the Orb.
     0 | D        | Reached XP level 1. HP: 17/17 MP: 1/1
    14 | D        | Reached XP level 2. HP: 17/23 MP: 2/2
    63 | D        | Noticed Jessica
    68 | D        | Killed a hellion
    68 | D        | Killed a hellion
    72 | D        | Killed Jessica
    72 | D        | Reached skill level 5 in Fighting
    72 | D        | Reached skill level 5 in Axes
    72 | D        | Reached XP level 3. HP: 23/33 MP: 3/3
    89 | D        | Killed a hellion
    92 | D        | Noticed a scorpion
   111 | D        | Killed a hellion
   114 | D        | Killed a scorpion
   114 | D        | Reached XP level 4. HP: 20/43 MP: 4/4
   132 | D        | Killed a hellion
   139 | D        | Killed a white draconian scorcher
   172 | D        | Killed a yaktaur
   206 | D        | Killed a hellion
   233 | D        | Killed a white draconian scorcher
   266 | D        | Noticed a water elemental
   270 | D        | Killed a water elemental
   270 | D        | Reached XP level 5. HP: 51/51 MP: 5/5
   313 | D        | Found a roughly hewn altar of Beogh.
   313 | D        | Found an iron altar of Okawaru.
   313 | D        | Found a bloodstained altar of Trog.
   313 | D        | Found a hide-covered altar of Uskayaw.
   313 | D        | Noticed a human
   315 | D        | Noticed a human
   320 | D        | Slain by a human

Skill      XL: |  1  2  3  4 |
---------------+-------------+-----
Dodging        | 4 |  4.3
Axes           | 4 5 7 8 |  8.6
Fighting       | 5 7 8 |  8.7
Throwing       | |  2.4
Stealth        | |  0.2

Action                   |  1- 3 |  4- 6 || total
-------------------------+-------+-------++-------
Melee: War axe           |    26 |     8 ||    34
Throw: Throwing net      |     3 |       ||     3
  Use: Potion            |       |     2 ||     2
 Stab: Sleeping          |     2 |       ||     2
       Held in net/web   |     1 |       ||     1
Armor: Leather armour    |     3 |       ||     3
Dodge: Dodged            |     7 |     4 ||    11
